TOP OF THE 1ST |
New Orleans Looters batting - Pitching for Orlando Calrissian : RHP Reagan Wear
|
Pitching: RHP Reagan Wear
|
|
Batting: RHB Rich Ruffin
|
0-0: Called Strike 0-1: Foul Ball, location: 2F 0-2: SOLO HOME RUN (Flyball, 7D), Distance : 372 ft
|
Batting: RHB Stephen Shaw
|
0-0: Called Strike 0-1: Ball 1-1: Foul Ball, location: 2F 1-2: Strikes out swinging
|
Batting: SHB Zach Franks
|
0-0: DOUBLE (Line Drive, 7LD)
|
Batting: LHB Taylor Smith
|
0-0: 2-RUN HOME RUN (Line Drive, 8LD), Distance : 407 ft
|
Batting: RHB Francisco Ibarra
|
0-0: Called Strike 0-1: Fly out, F9 (Popup, 9LS)
|
Batting: SHB Nate Rhodes
|
0-0: Swinging Strike 0-1: Called Strike 0-2: Ball 1-2: Strikes out swinging
|
Top of the 1st over - 3 run(s), 3 hit(s), 0 error(s), 0 left on base; New Orleans 3 - Orlando 0 |
BOTTOM OF THE 1ST |
Orlando Calrissian batting - Pitching for New Orleans Looters : RHP Chris Martin
|
Pitching: RHP Chris Martin
|
|
Batting: LHB Danny Allen
|
0-0: Called Strike 0-1: Ball 1-1: Ball 2-1: Fly out, F3 (Popup, 3DF)
|
Batting: RHB Frederico Hernández
|
0-0: Ball 1-0: Called Strike 1-1: Ground out 5-3 (Groundball, 56)
|
Batting: LHB Santiago Márquez
|
0-0: Foul Ball, location: 2F 0-1: Ball 1-1: Foul Ball, location: 2F 1-2: SINGLE (Groundball, 34D)
|
Batting: RHB Raúl Canó
|
0-0: Called Strike 0-1: Called Strike 0-2: Ball 1-2: Fielders Choice at 2nd, 5-4 (Groundball, 56)
|
Bottom of the 1st over - 0 run(s), 1 hit(s), 0 error(s), 0 left on base; New Orleans 3 - Orlando 0 |
TOP OF THE 2ND |
New Orleans Looters batting - Pitching for Orlando Calrissian : RHP Reagan Wear
|
Batting: SHB Oliver Deleón
|
0-0: Ball 1-0: DOUBLE (Line Drive, 8RXD)
|
Batting: RHB Dave O'Loan
|
0-0: Ball 1-0: Ball 2-0: Foul Ball, location: 2F 2-1: Swinging Strike 2-2: SINGLE (Groundball, 56) Oliver Deleón to third
|
Batting: RHB John Anderson
|
0-0: Ball 1-0: Ball 2-0: Called Strike 2-1: Foul Ball, location: 2F 2-2: Strikes out swinging
|
Batting: RHB Rich Ruffin
|
0-0: Ball 1-0: Foul Ball, location: 2F 1-1: Ball 2-1: Called Strike 2-2: Grounds into double play, U4-3 (Groundball, 4M)
|
Top of the 2nd over - 0 run(s), 2 hit(s), 0 error(s), 1 left on base; New Orleans 3 - Orlando 0 |
BOTTOM OF THE 2ND |
Orlando Calrissian batting - Pitching for New Orleans Looters : RHP Chris Martin
|
Batting: LHB Juan Colón
|
0-0: Swinging Strike 0-1: SINGLE (Flyball, 56D)
|
Batting: RHB Yasuoka Tanaka
|
0-0: Ball 1-0: Foul Ball, location: 2F 1-1: Foul Ball, location: 2F 1-2: Ball 2-2: Strikes out swinging
|
Batting: LHB Greg Schultz
|
0-0: Called Strike 0-1: Grounds into double play, U4-3 (Groundball, 4)
|
Bottom of the 2nd over - 0 run(s), 1 hit(s), 0 error(s), 0 left on base; New Orleans 3 - Orlando 0 |
TOP OF THE 3RD |
New Orleans Looters batting - Pitching for Orlando Calrissian : RHP Reagan Wear
|
Batting: RHB Stephen Shaw
|
0-0: Ball 1-0: SINGLE (Groundball, 6D)
|
Batting: SHB Zach Franks
|
0-0: Called Strike 0-1: Foul Ball, location: 2F 0-2: Ball 1-2: Ball 2-2: Strikes out swinging
|
Batting: LHB Taylor Smith
|
0-0: Ball 1-0: Ball 2-0: SINGLE (Line Drive, 9LM) Stephen Shaw to second
|
Batting: RHB Francisco Ibarra
|
0-0: Ball 1-0: Called Strike 1-1: Fielders Choice at 2nd, 6-4 (Groundball, 6M) Stephen Shaw to third
|
Batting: SHB Nate Rhodes
|
0-0: Called Strike 0-1: Swinging Strike 0-2: Ball 1-2: Foul Ball, location: 2F 1-2: Ball 2-2: Fly out, F8 (Flyball, 8LM)
|
Top of the 3rd over - 0 run(s), 2 hit(s), 0 error(s), 2 left on base; New Orleans 3 - Orlando 0 |
BOTTOM OF THE 3RD |
Orlando Calrissian batting - Pitching for New Orleans Looters : RHP Chris Martin
|
Batting: RHB Enrique Bermúdez
|
0-0: Foul Ball, location: 2F 0-1: Ball 1-1: Called Strike 1-2: Ball 2-2: Foul Ball, location: 2F 2-2: DOUBLE (Line Drive, 7LM)
|
Batting: RHB Naomi Kitamura
|
0-0: Fly out, F9 (Flyball, 89M)
|
Batting: LHB Danny Allen
|
0-0: Called Strike 0-1: Foul Ball, location: 2F 0-2: Foul Ball, location: 2F 0-2: Ball 1-2: Ball 2-2: Foul Ball, location: 2F 2-2: SINGLE (Groundball, 4MD) Enrique Bermúdez to third Runner from 3rd tries for Home, SAFE, no throw or cutoff
|
Batting: RHB Frederico Hernández
|
0-0: Ball 1-0: Swinging Strike 1-1: Ball 2-1: Grounds into double play, 5-4-3 (Groundball, 56)
|
Bottom of the 3rd over - 1 run(s), 2 hit(s), 0 error(s), 0 left on base; New Orleans 3 - Orlando 1 |
TOP OF THE 4TH |
New Orleans Looters batting - Pitching for Orlando Calrissian : RHP Reagan Wear
|
Batting: SHB Oliver Deleón
|
0-0: Swinging Strike 0-1: Foul Ball, location: 2F 0-2: Fly out, F7 (Flyball, 78S)
|
Batting: RHB Dave O'Loan
|
0-0: Ball 1-0: Called Strike 1-1: Foul Ball, location: 2F 1-2: Ground out 6-3 (Groundball, 6M)
|
Batting: RHB John Anderson
|
0-0: Ball 1-0: Called Strike 1-1: Called Strike 1-2: Ball 2-2: Foul Ball, location: 2F 2-2: Foul Ball, location: 2F 2-2: Foul Ball, location: 2F 2-2: SINGLE (Line Drive, 6D)
|
Batting: RHB Rich Ruffin
|
0-0: Ball 1-0: Swinging Strike 1-1: Ball 2-1: Ground out U3 (Groundball, 3S)
|
Top of the 4th over - 0 run(s), 1 hit(s), 0 error(s), 1 left on base; New Orleans 3 - Orlando 1 |
BOTTOM OF THE 4TH |
Orlando Calrissian batting - Pitching for New Orleans Looters : RHP Chris Martin
|
Batting: LHB Santiago Márquez
|
0-0: Called Strike 0-1: Ball 1-1: Foul Ball, location: 2F 1-2: Ball 2-2: SINGLE (Line Drive, 7LS)
|
Batting: RHB Raúl Canó
|
0-0: Ball 1-0: 2-RUN HOME RUN (Flyball, 7D), Distance : 439 ft
|
Batting: LHB Juan Colón
|
0-0: Called Strike 0-1: Called Strike 0-2: Ball 1-2: Ball 2-2: Strikes out swinging
|
Batting: RHB Yasuoka Tanaka
|
0-0: Called Strike 0-1: Foul Ball, location: 2F 0-2: Strikes out swinging
|
Batting: LHB Greg Schultz
|
0-0: Called Strike 0-1: Ball 1-1: Foul Ball, location: 2F 1-2: Strikes out swinging
|
Bottom of the 4th over - 2 run(s), 2 hit(s), 0 error(s), 0 left on base; New Orleans 3 - Orlando 3 |
TOP OF THE 5TH |
New Orleans Looters batting - Pitching for Orlando Calrissian : RHP Reagan Wear
|
Batting: RHB Stephen Shaw
|
0-0: Foul Ball, location: 2F 0-1: Ball 1-1: Ball 2-1: Foul Ball, location: 2F 2-2: Fly out, F8 (Popup, 4MD)
|
Batting: SHB Zach Franks
|
0-0: Called Strike 0-1: Ball 1-1: Fly out, F3 (Popup, 23F)
|
Batting: LHB Taylor Smith
|
0-0: Ball 1-0: Ground out 1-3 (Groundball, 13)
|
Top of the 5th over - 0 run(s), 0 hit(s), 0 error(s), 0 left on base; New Orleans 3 - Orlando 3 |
BOTTOM OF THE 5TH |
Orlando Calrissian batting - Pitching for New Orleans Looters : RHP Chris Martin
|
Batting: RHB Enrique Bermúdez
|
0-0: Called Strike 0-1: Ball 1-1: Swinging Strike 1-2: Strikes out swinging
|
Batting: RHB Naomi Kitamura
|
0-0: Ground out 4-3 (Groundball, 4M)
|
Batting: LHB Danny Allen
|
0-0: Foul Ball, location: 2F 0-1: Called Strike 0-2: Foul Ball, location: 2F 0-2: Ball 1-2: Ball 2-2: SINGLE (Flyball, 8RS)
|
Batting: RHB Frederico Hernández
|
0-0: Ball 1-0: Ball 2-0: Called Strike 2-1: Foul Ball, location: 2F 2-2: Strikes out swinging
|
Bottom of the 5th over - 0 run(s), 1 hit(s), 0 error(s), 1 left on base; New Orleans 3 - Orlando 3 |
TOP OF THE 6TH |
New Orleans Looters batting - Pitching for Orlando Calrissian : RHP Reagan Wear
|
Batting: RHB Francisco Ibarra
|
0-0: Ball 1-0: Foul Ball, location: 2F 1-1: Foul Ball, location: 2F 1-2: SINGLE (Line Drive, 56D)
|
Batting: SHB Nate Rhodes
|
0-0: Ball 1-0: Foul Ball, location: 2F 1-1: Swinging Strike 1-2: Strikes out swinging
|
Batting: SHB Oliver Deleón
|
0-0: Called Strike 0-1: Ball 1-1: Called Strike 1-2: Foul Ball, location: 2F 1-2: SINGLE (Groundball, 5D) Francisco Ibarra to second
|
Batting: RHB Dave O'Loan
|
0-0: Called Strike 0-1: Foul Ball, location: 2F 0-2: Foul Ball, location: 2F 0-2: Foul Ball, location: 2F 0-2: Ball 1-2: Ball Wild Pitch! Francisco Ibarra to third Oliver Deleón to second 2-2: Ground out 5-3 (Groundball, 5)
|
Batting: RHB John Anderson
|
0-0: Ball 1-0: Fly out, F8 (Popup, 4MD)
|
Top of the 6th over - 0 run(s), 2 hit(s), 0 error(s), 2 left on base; New Orleans 3 - Orlando 3 |
BOTTOM OF THE 6TH |
Orlando Calrissian batting - Pitching for New Orleans Looters : RHP Chris Martin
|
Batting: LHB Santiago Márquez
|
0-0: Ball 1-0: Foul Ball, location: 2F 1-1: Called Strike 1-2: Ground out 6-3 (Groundball, 6)
|
Batting: RHB Raúl Canó
|
0-0: Ball 1-0: Called Strike 1-1: Foul Ball, location: 2F 1-2: Fly out, F4 (Popup, 4D)
|
Batting: LHB Juan Colón
|
0-0: Ball 1-0: Ball 2-0: Foul Ball, location: 2F 2-1: Ball 3-1: Foul Ball, location: 2F 3-2: Base on Balls
|
Batting: RHB Yasuoka Tanaka
|
0-0: SINGLE (Groundball, 56) Juan Colón to second
|
Batting: LHB Greg Schultz
|
0-0: Called Strike 0-1: Ball 1-1: Ground out 3-1 (Groundball, 34)
|
Bottom of the 6th over - 0 run(s), 1 hit(s), 0 error(s), 2 left on base; New Orleans 3 - Orlando 3 |
TOP OF THE 7TH |
New Orleans Looters batting - Pitching for Orlando Calrissian : RHP Reagan Wear
|
Batting: RHB Rich Ruffin
|
0-0: Swinging Strike 0-1: Ball 1-1: Foul Ball, location: 2F 1-2: Ball 2-2: Strikes out swinging
|
Batting: RHB Stephen Shaw
|
0-0: Foul Ball, location: 2F 0-1: Ground out 1-3 (Groundball, 15)
|
Batting: SHB Zach Franks
|
0-0: Called Strike 0-1: Ball 1-1: SINGLE (Groundball, 56D)
|
Pitching: RHP Dave Heath
|
|
Batting: LHB Taylor Smith
|
0-0: Fly out, F5 (Popup, 5SF)
|
Top of the 7th over - 0 run(s), 1 hit(s), 0 error(s), 1 left on base; New Orleans 3 - Orlando 3 |
BOTTOM OF THE 7TH |
Orlando Calrissian batting - Pitching for New Orleans Looters : RHP Chris Martin
|
Pinch Hitting: LHB Juan Jose Pineda
|
0-0: Foul Ball, location: 2F 0-1: Ground out 1-3 (Groundball, 13S)
|
Pinch Hitting: SHB Brian Price
|
0-0: Ball 1-0: SINGLE (Groundball, 34D)
|
Batting: LHB Danny Allen
|
0-0: Foul Ball, location: 2F 0-1: Called Strike 0-2: Ball 1-2: Grounds into double play, 4-6-3 (Groundball, 34)
|
Bottom of the 7th over - 0 run(s), 1 hit(s), 0 error(s), 0 left on base; New Orleans 3 - Orlando 3 |
TOP OF THE 8TH |
New Orleans Looters batting - Pitching for Orlando Calrissian : RHP Dave Heath
|
Now at 2B: Brian Price
|
|
Now at 3B: Robby Lewis
|
|
Pinch Hitting: LHB Luis Sánchez
|
0-0: Ball 1-0: Called Strike 1-1: Foul Ball, location: 2F 1-2: Ground out U3 (Groundball, 3L)
|
Batting: SHB Nate Rhodes
|
0-0: Called Strike 0-1: Ball 1-1: Ground out 4-3 (Groundball, 34)
|
Batting: SHB Oliver Deleón
|
0-0: Ball 1-0: Called Strike 1-1: Foul Ball, location: 2F 1-2: DOUBLE (Flyball, 89XD)
|
Batting: RHB Dave O'Loan
|
0-0: SINGLE (Line Drive, 8LS) Oliver Deleón to third Runner from 3rd tries for Home, SAFE, throw made home
|
Batting: RHB John Anderson
|
0-0: Foul Ball, location: 2F 0-1: Ball 1-1: Ball 2-1: Fly out, F8 (Flyball, 8LD)
|
Top of the 8th over - 1 run(s), 2 hit(s), 0 error(s), 1 left on base; New Orleans 4 - Orlando 3 |
BOTTOM OF THE 8TH |
Orlando Calrissian batting - Pitching for New Orleans Looters : RHP Chris Martin
|
Pitching: LHP Juan Fuentes
|
|
Now in CF: Luis Sánchez
|
|
Batting: RHB Frederico Hernández
|
0-0: Ball 1-0: Foul Ball, location: 2F 1-1: Ball 2-1: TRIPLE (Flyball, 8LXD)
|
Pitching: LHP Tadao Yoshida
|
|
Batting: LHB Santiago Márquez
|
0-0: SINGLE (Flyball, 9LS) Frederico Hernández scores
|
Batting: RHB Raúl Canó
|
0-0: Ball 1-0: Foul Ball, location: 2F 1-1: Ball 2-1: Ball 3-1: Base on Balls Santiago Márquez to second
|
Batting: LHB Juan Colón
|
0-0: Ball 1-0: Ball 2-0: Ball 3-0: Called Strike 3-1: Called Strike 3-2: Strikes out swinging
|
Batting: RHB Yasuoka Tanaka
|
0-0: Ball 1-0: Called Strike 1-1: Ball 2-1: Ball 3-1: Base on Balls Santiago Márquez to third Raúl Canó to second
|
Batting: LHB Greg Schultz
|
0-0: Called Strike 0-1: Swinging Strike 0-2: Ball 1-2: Strikes out looking
|
Batting: RHB Robby Lewis
|
0-0: Foul Ball, location: 2F 0-1: Ball 1-1: Ground out 4-3 (Groundball, 4)
|
Bottom of the 8th over - 1 run(s), 2 hit(s), 0 error(s), 3 left on base; New Orleans 4 - Orlando 4 |
TOP OF THE 9TH |
New Orleans Looters batting - Pitching for Orlando Calrissian : RHP Dave Heath
|
Pitching: LHP Tomiji Takuda
|
|
Batting: RHB Rich Ruffin
|
0-0: Called Strike 0-1: Ball 1-1: Ground out 4-3 (Groundball, 4)
|
Batting: RHB Stephen Shaw
|
0-0: Called Strike 0-1: Swinging Strike 0-2: Foul Ball, location: 2F 0-2: Ball 1-2: Ball 2-2: Ball 3-2: Foul Ball, location: 2F 3-2: Fly out, F8 (Flyball, 8RD)
|
Batting: SHB Zach Franks
|
0-0: Called Strike 0-1: Ball 1-1: Swinging Strike 1-2: Foul Ball, location: 2F 1-2: Ball 2-2: Ball 3-2: Strikes out looking
|
Top of the 9th over - 0 run(s), 0 hit(s), 0 error(s), 0 left on base; New Orleans 4 - Orlando 4 |
BOTTOM OF THE 9TH |
Orlando Calrissian batting - Pitching for New Orleans Looters : LHP Tadao Yoshida
|
Batting: SHB Brian Price
|
0-0: Ball 1-0: Called Strike 1-1: Foul Ball, location: 2F 1-2: Ball 2-2: Strikes out swinging
|
Pitching: RHP Ienobu Sato
|
|
Batting: LHB Danny Allen
|
0-0: Ground out 4-3 (Groundball, 4)
|
Batting: RHB Frederico Hernández
|
0-0: Called Strike 0-1: DOUBLE (Flyball, 89XD)
|
Batting: LHB Santiago Márquez
|
0-0: SINGLE (Line Drive, 4MD) Frederico Hernández to third Runner from 3rd tries for Home, SAFE, throw made home
|
Monday, December 5th, 2016 - OOTP Baseball 17.12 Build 75
|
|